 Dungeon Crawl Stone Soup version 0.28.0-53-g5a82cb258f (webtiles) character file.

Game seed: 1936490364047120213

87 MisterFreud the Covert (level 4, -10/41 HPs)
             Began as a Gnoll Delver on June 15, 2022.
             Mangled by a mummy (13 damage)
             ... in an ossuary.
             The game lasted 00:03:39 (1201 turns).

MisterFreud the Covert (Gnoll Delver)               Turns: 1201, Time: 00:03:39

Health: -10/41     AC:  3    Str: 12    XL:     4   Next: 51%
Magic:  5/5        EV: 13    Int: 11    God:
Gold:   28         SH:  0    Dex: 13    Spells: 5/5 levels left

rFire   . . .      SeeInvis .   a - +0 short sword
rCold   . . .      Faith    .   (no shield)
rNeg    . . .      Spirit   .   b - +0 leather armour
rPois   .          Reflect  .   (no helmet)
rElec   .          Harm     .   (no cloak)
rCorr   .          Rampage  .   (no gloves)
Will    .....                   (no boots)
Stlth   ++++......              (no amulet)
HPRegen 0.13/turn               (no ring)
MPRegen 0.09/turn               (no ring)

@: no status effects
A: fangs 1, strong nose, distributed training
a: no special abilities


You were in an ossuary.
You visited 1 branch of the dungeon, and saw 2 of its levels.
You also visited: Ossuary.

You collected 28 gold pieces.

Inventory:

Hand Weapons
 a - a +0 short sword (weapon)
Armour
 b - a +0 leather armour (worn)
Wands
 g - a wand of digging (2)
Scrolls
 c - a scroll of fog
 e - a scroll of fear
Potions
 d - 2 potions of heal wounds {unknown}
 f - a potion of haste


   Skills:
 + Level 6.6 Fighting
 + Level 4.6 Short Blades
 + Level 1.1 Long Blades
 + Level 1.1 Axes
 + Level 1.1 Maces & Flails
 + Level 1.1 Polearms
 + Level 1.1 Staves
 + Level 1.1 Slings
 + Level 1.1 Bows
 + Level 1.1 Crossbows
 + Level 1.1 Throwing
 + Level 1.1 Armour
 + Level 4.6 Dodging
 + Level 9.6 Stealth
 + Level 1.1 Shields
 + Level 1.1 Unarmed Combat
 + Level 1.1 Spellcasting
 + Level 0.9 Conjurations
 + Level 0.9 Hexes
 + Level 0.9 Summonings
 + Level 0.9 Necromancy
 + Level 0.9 Translocations
 + Level 0.9 Transmutations
 + Level 0.9 Fire Magic
 + Level 0.9 Ice Magic
 + Level 0.9 Air Magic
 + Level 0.9 Earth Magic
 + Level 0.9 Poison Magic
 + Level 1.2 Invocations
 + Level 1.1 Evocations


You had 5 spell levels left.
You didn't know any spells.
Your spell library was empty.

Dungeon Overview and Level Annotations

Branches:
Dungeon (5/15)            Ossuary (1/1)
 Temple: D:4-7

Altars:


Innate Abilities, Weirdness & Mutations

You have very sharp teeth.
Your uncanny sense of smell can sniff out nearby items.
Your experience applies equally to all skills.


Message History

The sentinel's mark upon you fades away.
You hit the orc zombie. You bite the orc zombie.
You destroy the orc zombie!
You hit the elf zombie. You bite the elf zombie.
The elf zombie is heavily damaged.
The elf zombie hits you.
You hit the elf zombie.
The elf zombie is heavily damaged.
You completely miss the elf zombie.
The elf zombie is heavily damaged.
The elf zombie hits you.
You hit the elf zombie. You bite the elf zombie.
The elf zombie is severely damaged.
The elf zombie hits you.
You hit the elf zombie.
The elf zombie is severely damaged.
You hit the elf zombie but do no damage.
The elf zombie is severely damaged.
The elf zombie hits you.
You hit the elf zombie. Your punch misses the elf zombie.
The elf zombie is severely damaged.
The elf zombie hits you.
You hit the elf zombie but do no damage.
The elf zombie is severely damaged.
The elf zombie hits you.
* * * LOW HITPOINT WARNING * * *
You barely miss the mummy. You hit the mummy.
You bite the mummy, but do no damage.
The mummy is moderately damaged.
The mummy barely misses you.
You barely miss the mummy.
The mummy is moderately damaged.
You hit the mummy.
The mummy is heavily damaged.
The mummy hits you!
* * * LOW HITPOINT WARNING * * *
You hit the mummy.
The mummy is heavily damaged.
The mummy hits you!
You die...

####################
...................#
...................#
.......8..8........#
...................#
..######..######@..#
..# #.^# #M..# ..#
#.^# #...# ..# #.^#
#...# ..# .....
#...# ..# ##....M.
#...# ..#
∆∆#.......#...# ..#
∆∆∆#.......#...# ..#
#.∩.....#...#


You could see a mummy.

Vanquished Creatures
  A human zombie (Ossuary)
  A centaur zombie (Ossuary)
  A worm (D:4)
  A goblin zombie (Ossuary)
  5 hobgoblin zombies (Ossuary)
  2 jackal zombies (Ossuary)
  9 kobold zombies (Ossuary)
  10 orc zombies (Ossuary)
30 creatures vanquished.

Notes
Turn   | Place    | Note
-------+----------+-------------------------------------------
     0 | D:5      | Reached skill level 9 in Stealth
     0 | D:5      | MisterFreud the Gnoll Delver began the quest for the Orb.
     0 | D:5      | Reached XP level 1. HP: 23/23 MP: 1/1
   213 | D:5      | Found a sand-covered staircase.
   220 | Ossuary  | Entered an ossuary
   299 | Ossuary  | Reached XP level 2. HP: 29/29 MP: 2/2
   405 | Ossuary  | Reached skill level 1 in Invocations
   405 | Ossuary  | Reached XP level 3. HP: 19/35 MP: 2/4
   596 | Ossuary  | Reached skill level 1 in Long Blades
   596 | Ossuary  | Reached skill level 1 in Axes
   596 | Ossuary  | Reached skill level 1 in Maces & Flails
   596 | Ossuary  | Reached skill level 1 in Polearms
   596 | Ossuary  | Reached skill level 1 in Staves
   596 | Ossuary  | Reached skill level 1 in Slings
   596 | Ossuary  | Reached skill level 1 in Bows
   596 | Ossuary  | Reached skill level 1 in Crossbows
   596 | Ossuary  | Reached skill level 1 in Throwing
   596 | Ossuary  | Reached skill level 1 in Armour
   596 | Ossuary  | Reached skill level 1 in Shields
   596 | Ossuary  | Reached skill level 1 in Unarmed Combat
   596 | Ossuary  | Reached skill level 1 in Spellcasting
   596 | Ossuary  | Reached skill level 1 in Evocations
   809 | Ossuary  | Reached XP level 4. HP: 5/41 MP: 5/5
  1201 | Ossuary  | Mangled by a mummy

Illustrated notes

Levels and vault maps discovered:
D:4:      layout_basic, mainiacjoe_overflow_tiny_flanked,
          nicolae_ru_the_path_less_chosen, lemuel_blue_sif_altar,
          kennysheep_vampire_church, temple_statues, serial_glass,
          glass_columns_a, glass_columns_a, gammafunk_ghost_necromancy,
          uniq_eustachio
D:5:      layout_basic, lemuel_coloured_pillars_altar,
          nemelex_dance_club_becter, enter_ossuary_4, nicolae_alphabet_shops,
          minmay_misc_feat_pillars
Ossuary:  ossuary_tomb_1

Skill      XL: |  1  2  3 |
---------------+----------+-----
Stealth        | |  9.6
Invocations    | 1 |  1.2
Long Blades    | 1 |  1.1
Axes           | 1 |  1.1
Maces & Flails | 1 |  1.1
Polearms       | 1 |  1.1
Staves         | 1 |  1.1
Slings         | 1 |  1.1
Bows           | 1 |  1.1
Crossbows      | 1 |  1.1
Throwing       | 1 |  1.1
Armour         | 1 |  1.1
Shields        | 1 |  1.1
Unarmed Combat | 1 |  1.1
Spellcasting   | 1 |  1.1
Evocations     | 1 |  1.1
Fighting       | |  6.6
Short Blades   | |  4.6
Dodging        | |  4.6
Conjurations   | |  0.9
Hexes          | |  0.9
Summonings     | |  0.9
Necromancy     | |  0.9
Translocations | |  0.9
Transmutations | |  0.9
Fire Magic     | |  0.9
Ice Magic      | |  0.9
Air Magic      | |  0.9
Earth Magic    | |  0.9
Poison Magic   | |  0.9

Action                   |  1- 3 |  4- 6 || total
-------------------------+-------+-------++-------
Melee: Short sword       |   165 |    20 ||   185
       Bite              |    21 |     5 ||    26
       Punch             |     3 |       ||     3
Evoke: Wand              |     1 |       ||     1
  Use: Scroll            |     1 |       ||     1
       Potion            |     1 |       ||     1
 Stab: Sleeping          |     4 |       ||     4
Armor: Leather armour    |    37 |     2 ||    39
Dodge: Dodged            |    85 |     2 ||    87
